 Dungeon Crawl Stone Soup version 0.27.0-1-g7a089689b8 (webtiles) character file.

Game seed: 10558077864764601371

123 Descartes the Ducker (level 4, -5/21 HPs)
             Began as a Felid Monk on Aug 1, 2021.
             Slain by a water moccasin (9 damage)
             ... on level 5 of the Dungeon.
             The game lasted 00:08:13 (5014 turns).

Descartes the Ducker (Felid Monk)                   Turns: 5014, Time: 00:08:14

Health: -5/21      AC:  1    Str:  8    XL:     4   Next: 80%
Magic:  7/7        EV: 20    Int: 12    God:
Gold:   141        SH:  0    Dex: 18    Spells: 5/6 levels left
                                        Lives:  0   Deaths: 1

rFire    . . .     SeeInvis +     - Unarmed
rCold    . . .     Faith    .   (shield unavailable)
rNeg     . . .     Spirit   .   (armour unavailable)
rPois    .         Reflect  .   (helmet unavailable)
rElec    .         Harm     .   (cloak unavailable)
rCorr    .         Rampage  .   (gloves unavailable)
Will     .....                  (boots unavailable)
Stlth    +++.......             (no amulet)
HPRegen  0.07/turn              (no ring)
MPRegen  0.10/turn              (no ring)

@: lethally poisoned (-5 -> -18), quick
A: very small, claws 1, fangs 3, see invisible, speed 1, shaggy fur 1, stealthy
paws, no weapons or thrown items, no armour, multi-lived
a: no special abilities


You were on level 5 of the Dungeon.
You visited 2 branches of the dungeon, and saw 6 of its levels.

You collected 141 gold pieces.

Inventory:

Scrolls
 a - a scroll of teleportation {unknown}
 c - a scroll of fear {unknown}
 d - a scroll of acquirement {unknown}
 e - a scroll of magic mapping {unknown}
 f - a scroll of identify {unknown}
 i - a scroll of amnesia {unknown}
 j - a scroll of silence {unknown}
Potions
 b - a potion of haste {unknown}
 g - a potion of curing {unknown}
 h - 4 potions of heal wounds {unknown}


   Skills:
 - Level 3.0 Fighting
 + Level 5.2 Dodging
 + Level 4.6 Stealth
 + Level 3.9 Unarmed Combat
 + Level 1.7 Spellcasting
 + Level 3.1 Hexes
 + Level 1.0 Transmutations


You had 5 spell levels left.
You knew the following spells:

 Your Spells              Type           Power      Damage    Failure   Level
a - Beastly Appendage     Tmut           6%         N/A       19%         1

Your spell library contained the following spells:

 Spells                   Type           Power      Damage    Failure   Level
 Wereblood                Tmut           3%         N/A       28%         2
 Passwall                 Tmut/Erth      1%         N/A       34%         2
 Spider Form              Tmut/Pois      1%         N/A       56%         3
 Swiftness                Air            1%         N/A       63%         3
 Invisibility             Hex            4%         N/A       100%        6


Dungeon Overview and Level Annotations

Branches:
Dungeon (5/15)             Temple (1/1) D:4

Altars:
Cheibriados
Dithmenos
Elyvilon
Fedhas
Gozag
Hepliaklqana
Kikubaaqudgha
Nemelex Xobeh
Ru
Sif Muna
Trog
Uskayaw
Wu Jian
Xom
Yredelemnul
Zin
The Shining One

Annotations:
D:4 Dowan, Duvessa


Innate Abilities, Weirdness & Mutations

You have sharp claws.
You have razor-sharp teeth.
You have supernaturally acute eyesight. (SInv)
You cover ground quickly. (Speed+)
You are covered in fur. (AC +1)
Your paws help you pounce on unaware monsters.
You are incapable of wielding weapons or throwing items.
You cannot wear armour.
You gain extra lives every three experience levels.


Message History

You claw the hound zombie!
You destroy the hound zombie!
Your Transmutations skill increases to level 1!
No target in view!
HP restored.
You now have 141 gold pieces (gained 3).
A water moccasin comes into view.
Casting: Beastly Appendage (safe; 19% risk of failure)
Confirm with . or Enter, or press ? or * to list all spells.
You grow a pair of large bovine horns.
Your transformation is almost over.
The water moccasin hisses angrily.
The water moccasin completely misses you.
You closely miss the water moccasin.
Your headbutt misses the water moccasin.
The water moccasin closely misses you.
You closely miss the water moccasin. The water moccasin misses you.
You claw the water moccasin!
You claw the water moccasin, but do no damage.
The water moccasin is moderately wounded.
The water moccasin barely misses you. The water moccasin bites you.
You are poisoned.
The water moccasin poisons you!
You closely miss the water moccasin.
The water moccasin is moderately wounded.
You feel very sick. The water moccasin bites you.
You are more poisoned.
The water moccasin poisons you!
You closely miss the water moccasin.
The water moccasin is moderately wounded.
You feel very sick. The water moccasin misses you.
You miss the water moccasin.
The water moccasin is moderately wounded.
Your horns disappear.
* * * LOW HITPOINT WARNING * * *
You feel very sick. The water moccasin bites you!
You die...

######.####
#######..@S......
####........########
#.........###
#.......###
#......## #.<....#
########


You could see a water moccasin.

Vanquished Creatures
  A hound (D:3)
  An iguana (D:4)
  An orc wizard (D:3)
  A hound zombie (D:5)
  5 adders
  A worm (D:2)
  A dart slug (D:1)
  7 orcs
  8 endoplasms
  6 giant cockroaches
  7 goblins
  4 hobgoblins
  7 jackals (D:1)
  4 kobolds
  A quokka (D:2)
  4 ball pythons (D:1)
  4 bats
  3 frilled lizards
  A quokka skeleton (D:4)
  6 rats
73 creatures vanquished.

Notes
Turn   | Place    | Note
-------+----------+-------------------------------------------
     0 | D:1      | Descartes the Felid Monk began the quest for the Orb.
     0 | D:1      | Reached XP level 1. HP: 10/10 MP: 2/2
   362 | D:1      | Reached XP level 2. HP: 14/14 MP: 3/3
   499 | D:1      | Found a faded altar of an unknown god.
  1258 | D:1      | Reached skill level 1 in Hexes
  1655 | D:1      | Reached XP level 3. HP: 6/17 MP: 4/4
  2275 | D:2      | Reached skill level 1 in Spellcasting
  2311 | D:2      | Reached XP level 4. HP: 13/21 MP: 6/6
  3147 | D:3      | Reached skill level 5 in Dodging
  3333 | D:3      | Reached XP level 5. HP: 7/24 MP: 8/8
  3597 | D:3      | Learned a level 1 spell: Beastly Appendage
  3909 | D:3      | Found an ornate altar of the Wu Jian Council.
  3979 | D:4      | Found a staircase to the Ecumenical Temple.
  3994 | Temple   | Entered the Ecumenical Temple
  4566 | D:4      | Noticed Duvessa
  4570 | D:4      | Noticed Dowan
  4888 | D:4      | HP: 1/24 [Duvessa (13)]
  4889 | D:4      | Killed from afar by Dowan
  4890 | D:4      | Reached XP level 4. HP: -8/21 MP: 7/7
  4896 | D:5      | Entered Level 5 of the Dungeon
  4909 | D:5      | Reached skill level 1 in Transmutations
  4999 | D:5      | Noticed a water moccasin
  5014 | D:5      | Slain by a water moccasin

Illustrated notes

Levels and vault maps discovered:
D:1:      tarquinn_simple_flora_water_b, layout_loops_corners,
          dreamdust_ecumenical_altar_hidden_monk_grotto,
          minmay_shallow_snake_nest
D:2:      layout_rooms, serial_forest, infiniplex_forest_corner_1,
          infiniplex_forest_clump_curved, infiniplex_forest_zigzag_1,
          infiniplex_forest_3_way, infiniplex_forest_lined_corner,
          infiniplex_forest_lined_corner, infiniplex_forest_clump_medium,
          infiniplex_forest_lined_4_way, infiniplex_forest_lined_4_way,
          infiniplex_forest_end_2
D:3:      layout_basic, nzn_wu_jian_council_hall, grunt_ministairs_9,
          kennysheep_decorative_pillar, minmay_misc_feat_iff
D:4:      layout_loops_ring, minmay_temple_entry_butterflies,
          palyth_stone_intersect, minmay_hedge_maze, uniq_duvessa
D:5:      layout_rooms, serial_shops, shop
Temple:   minmay_temple_bridge_d

Skill      XL: |  1  2  3  4  5 |
---------------+----------------+-----
Stealth        | 3 4 |  4.6
Hexes          | 1 2 3 |  3.1
Spellcasting   | 1 |  1.7
Dodging        | 5 |  5.2
Transmutations | 1 |  1.0
Fighting       | |  3.0
Unarmed Combat | |  3.9

Action                   |  1- 3 |  4- 6 || total
-------------------------+-------+-------++-------
Melee: Unarmed           |   120 |   120 ||   240
       Bite              |     9 |    12 ||    21
       Punch             |     2 |     2 ||     4
       Headbutt          |       |     4 ||     4
 Cast: Beastly Appendage |       |     3 ||     3
 Stab: Sleeping          |     7 |    11 ||    18
Armor: Skin              |     7 |     4 ||    11
Dodge: Dodged            |   109 |    72 ||   181
